 Dungeon Crawl Stone Soup version 0.19.0-11-g3fc08b3 (webtiles) character file.

707 Vasilisck the Skirmisher (level 7, -3/56 HPs)
             Began as a Demonspawn Fighter on Nov 8, 2016.
             Was a Follower of Uskayaw.
             Slain by Philosophy's ghost (16 damage)
             ... on level 4 of the Dungeon.
             The game lasted 00:07:48 (3584 turns).

Vasilisck the Skirmisher (Demonspawn Fighter)       Turns: 3584, Time: 00:07:49

Health: -3/56      AC: 10    Str: 18    XL:     7   Next: 40%
Magic:  7/7        EV:  8    Int:  9    God:    Uskayaw [*.....]
Gold:   133        SH:  9    Dex: 13    Spells: 0 memorised, 6 levels left

rFire  . . .     SeeInvis .     a - +0 war axe
rCold  . . .     Gourm    .     b - +0 scale mail
rNeg   . . .     Faith    .     c - +0 shield
rPois  .         Spirit   .     (no helmet)
rElec  .         Reflect  .     l - +0 cloak
rCorr  +         Harm     .     q - +1 pair of gloves
MR     .....     Rnd*Tele +     (no boots)
Stlth  +.........               (no amulet)
                                n - ring of resist corrosion
                                e - ring of teleportation (curse)

@: no status effects
A: claws 1, demonic guardian 1, nightstalker 1, sturdy frame 2
a: Stomp, Renounce Religion


You were on level 4 of the Dungeon.
You worshipped Uskayaw.
Uskayaw was noncommittal.
You were not hungry.

You visited 1 branch of the dungeon, and saw 4 of its levels.

You collected 133 gold pieces.

Inventory:

Hand Weapons
 a - a +0 war axe (weapon)
Armour
 b - a +0 scale mail (worn)
 c - a +0 shield (worn)
 l - a +0 cloak (worn)
 q - a +1 pair of gloves (worn)
Jewellery
 e - a cursed ring of teleportation (left hand)
 k - an uncursed ring of magical power
 n - a ring of resist corrosion (right hand)
Wands
 f - a wand of digging (18/24)
Scrolls
 d - a scroll of amnesia
 i - 2 scrolls of recharging
Potions
 g - 2 potions of curing
 j - 3 potions of lignification
 o - a potion of flight
 r - a potion of cancellation
Comestibles
 h - 2 chunks of flesh
 p - a bread ration


   Skills:
 + Level 5.1 Fighting
 + Level 4.1 Axes
 + Level 4.5 Armour
 + Level 4.4 Shields


You had 6 spell levels left.
You didn't know any spells.

Dungeon Overview and Level Annotations

Branches:
Dungeon (4/15)
 Temple: D:4-7

Altars:
Cheibriados
Ru
Sif Muna
Uskayaw

Annotations:
D:4 Philosophy's ghost, novice CeHu


Innate Abilities, Weirdness & Mutations

You have sharp fingernails.
A weak demonic guardian rushes to your aid.
You are slightly more attuned to the shadows.
Your movements are less encumbered by armour. (ER -4)


Message History

Philosophy's ghost hits you.
You slash Philosophy's ghost!
Philosophy's ghost is severely damaged.
You block Philosophy's ghost's attack.
You slash Philosophy's ghost!
Philosophy's ghost is almost destroyed.
Philosophy's ghost hits you but does no damage.
You block Philosophy's ghost's attack.
You closely miss Philosophy's ghost.
Philosophy's ghost is almost destroyed.
Philosophy's ghost hits you!
You closely miss Philosophy's ghost.
Philosophy's ghost is severely damaged.
Philosophy's ghost barely misses you.
You hit Philosophy's ghost.
Philosophy's ghost is almost destroyed.
Philosophy's ghost hits you!
* * * LOW HITPOINT WARNING * * *
Philosophy's ghost hits you!
You die...

#. .. #.#####...
##.#≈≈≈#... #####
≈≈≈≈≈≈≈≈.
###...######≈≈≈≈≈≈≈
#....@W).).###≈≈≈####.
....###...))).#####....
.. #≈######...........
≈≈ ###.....###. ≈≈≈
####### . #≈≈≈ ####


You could see Philosophy's ghost.

Vanquished Creatures
  Sigmund (D:2)
  An ogre (D:3)
  A centaur (D:4)
  A big kobold (D:4)
  An orc priest (D:3)
  Crazy Yiuf (D:2)
  2 orc wizards (D:3)
  2 adders
  3 oozes
  2 worms (D:2)
  4 dart slugs (D:2)
  4 leopard geckos
  4 orcs
  3 giant cockroaches (D:2)
  5 goblins
  6 hobgoblins
  7 jackals (D:3)
  2 quokkas (D:3)
  A ball python (D:1)
  5 bats
  A frilled lizard (D:1)
  11 kobolds
  5 rats
73 creatures vanquished.

Vanquished Creatures (collateral kills)
  The ghost of Vasilisck the Skirmisher, an amateur DsFi of Gozag (D:3)
  A big kobold (D:4)
  An orc (D:3)
  A kobold (D:4)
4 creatures vanquished.

Grand Total: 77 creatures vanquished

Notes
Turn   | Place    | Note
-------+----------+-------------------------------------------
     0 | D:1      | Vasilisck the Demonspawn Fighter began the quest for the Orb.
     0 | D:1      | Reached XP level 1. HP: 18/18 MP: 1/1
   477 | D:1      | Gained mutation: Your movements are slightly less encumbered by armour. (ER -2) [demonic ancestry]
   477 | D:1      | Reached XP level 2. HP: 24/24 MP: 2/2
   624 | D:2      | Reached XP level 3. HP: 15/29 MP: 3/3
  1234 | D:2      | Found a hide-covered altar of Uskayaw.
  1235 | D:2      | Noticed Sigmund
  1242 | D:2      | Killed Sigmund
  1242 | D:2      | Reached skill level 4 in Fighting
  1242 | D:2      | Gained mutation: You have sharp fingernails. [demonic ancestry]
  1242 | D:2      | Reached XP level 4. HP: 16/37 MP: 4/4
  1242 | D:2      | Gained mutation: You are slightly more attuned to the shadows. [demonic ancestry]
  1242 | D:2      | Reached XP level 5. HP: 19/42 MP: 5/5
  1248 | D:2      | Found a snail-covered altar of Cheibriados.
  1248 | D:2      | Found a deep blue altar of Sif Muna.
  1256 | D:2      | Became a worshipper of Uskayaw the Reveler
  1437 | D:2      | Reached * piety under Uskayaw
  1573 | D:2      | Found a runed door.
  1886 | D:2      | Noticed Crazy Yiuf
  1889 | D:2      | Reached ** piety under Uskayaw
  1890 | D:2      | Killed Crazy Yiuf
  2219 | D:3      | Noticed an ogre
  2228 | D:3      | Reached *** piety under Uskayaw
  2230 | D:3      | Killed an ogre
  2230 | D:3      | Gained mutation: A weak demonic guardian rushes to your aid. [demonic ancestry]
  2230 | D:3      | Reached XP level 6. HP: 20/49 MP: 6/6
  2425 | D:3      | Found a sacrificial altar of Ru.
  3023 | D:3      | Noticed Vasilisck's ghost (amateur DsFi)
  3033 | D:3      | Killed Vasilisck's ghost
  3281 | D:4      | Gained mutation: Your movements are less encumbered by armour. (ER -4) [demonic ancestry]
  3281 | D:4      | Reached XP level 7. HP: 10/55 MP: 7/7
  3445 | D:4      | Reached skill level 5 in Fighting
  3549 | D:4      | Noticed Philosophy's ghost (novice CeHu)
  3584 | D:4      | Slain by Philosophy's ghost

Skill      XL: |  1  2  3  4  5  6  7 |
---------------+----------------------+-----
Axes           | 2 3 4 |  4.1
Armour         | 3 4 |  4.5
Shields        | 3 4 |  4.4
Fighting       | 4 5 |  5.1

Action                   |  1- 3 |  4- 6 |  7- 9 || total
-------------------------+-------+-------+-------++-------
Melee: War axe           |    72 |   139 |    29 ||   240
Invok: Stomp             |       |       |     2 ||     2
  Use: Scroll            |     4 |     6 |       ||    10
       Potion            |     1 |       |     1 ||     2
 Stab: Paralysed         |       |     2 |       ||     2
       Distracted        |       |     1 |       ||     1
       Sleeping          |       |     1 |       ||     1
  Eat: Chunk             |     1 |     2 |     2 ||     5
       Bread ration      |       |     1 |       ||     1
Armor: Scale mail        |    33 |    65 |    12 ||   110
Dodge: Dodged            |    23 |    57 |    12 ||    92
Block: Shield            |    34 |    82 |    21 ||   137
